 Dungeon Crawl Stone Soup version 0.29.0-11-gd7f09526c8 (webtiles) character file.

Game seed: 13866165101412543342

13 sentinel the Stinger (level 2, 6/20 HPs)
             Began as a Meteoran Venom Mage on Sept 2, 2022.
             Was a Follower of Yredelemnul.
             Quit the game on level 2 of the Dungeon.
             The game lasted 00:00:55 (171 turns).

sentinel the Stinger (Meteoran Venom Mage)           Turns: 171, Time: 00:00:55

Health: 6/20       AC:  2    Str:  9    XL:     2   Next: 70%
Magic:  2/6        EV: 12    Int: 16    God:    Yredelemnul [*.....]
Gold:   0          SH:  5    Dex: 14    Spells: 5/6 levels left

rFire   . . .      SeeInvis .   (no weapon)
rCold   . . .      Faith    .   (no shield)
rNeg    . . .      Spirit   .   a - +0 robe
rPois   .          Reflect  +   (no helmet)
rElec   .          Harm     .   (no cloak)
rCorr   .          Rampage  .   (no gloves)
Will    .....                   (no boots)
Stlth   +.........              e - amulet of reflection
HPRegen 0.06/turn               (no ring)
MPRegen 0.10/turn               (no ring)

@: glowing
A: sense surroundings 1, otherworldly, glowing, explore regen
a: Renounce Religion, Recall Undead Harvest


You were on level 2 of the Dungeon.
You worshipped Yredelemnul.
Yredelemnul was noncommittal.
You visited 1 branch of the dungeon, and saw 2 of its levels.

Inventory:

Armour
 a - a +0 robe (worn)
Jewellery
 e - an amulet of reflection (around neck)
Scrolls
 c - a scroll of fear {unknown}
Potions
 b - a potion of magic
 d - 2 potions of flight {unknown}


   Skills:
 - Level 2.4 Dodging
 - Level 1.4 Stealth
 - Level 2.6 Spellcasting
 - Level 1.2 Transmutations
 + Level 4.5 Poison Magic


You had 5 spell levels left.
You knew the following spells:

 Your Spells              Type           Power      Damage    Failure   Level
a - Sting                 Tmut/Pois      44%        1d5       6%          1

Your spell library contained the following spells:

 Spells                   Type           Power      Damage    Failure   Level
 Poisonous Vapours        Pois/Air       18%        N/A       12%         2
 Mephitic Cloud           Conj/Pois/Air  7%         N/A       30%         3
 Olgreb's Toxic Radiance  Pois           16%        N/A       30%         4


Dungeon Overview and Level Annotations

Branches:
Dungeon (2/15) Zot: 1029

Altars:
Yredelemnul


Innate Abilities, Weirdness & Mutations

You passively map a small area around you.
You are easily found by Zot.
You glow in the dark.
You regain HP and MP as you explore.


Message History

Welcome, sentinel the Meteoran Venom Mage.
If you return without finding the Orb of Zot, so far below, it's all over!
Press ? for a list of commands and other information.
Found a staircase leading out of the dungeon.
c - a scroll labelled HELUERHIOLO
d - 2 brown potions A giant cockroach comes into view.
The giant cockroach moves out of view.
The giant cockroach waves its antennae.
The sting hits the giant cockroach.
The giant cockroach is poisoned.
The giant cockroach is heavily wounded.
The giant cockroach bites you.
The sting misses the giant cockroach.
You kill the giant cockroach!
Found 7 gold pieces.
Found a spear.
An endoplasm comes into view.
The endoplasm quivers.
An endoplasm is nearby!
You can't see any susceptible monsters within range! (Use Z to cast anyway.)
The endoplasm jiggles.
The sting hits the endoplasm but does no damage.
The endoplasm is poisoned.
You miscast Sting.
You are very lightly contaminated with residual magic.
Nothing appears to happen.
The endoplasm freezes you.
You are frozen.
You hit the endoplasm.
The endoplasm is heavily wounded.
The endoplasm freezes you.
You are frozen.
You aren't carrying any pieces of jewellery.
The sting hits the endoplasm.
The endoplasm partially resists.
You kill the endoplasm!
Found a thin jasper amulet.
Found a ring mail.
Your magical contamination has completely faded away.
e - an amulet of reflection You start putting on your amulet.
You continue putting on your amulet of reflection. x5
You finish putting on your amulet of reflection.
You feel a shielding aura gather around you.
e - an amulet of reflection (around neck) HP restored.
Magic restored.
HP restored.
Found a stone staircase leading down.
There is a stone staircase leading down here.
You climb downwards.
Found a scroll labelled JOEK XUSKEUPH.
There is a stone staircase leading up here.
A ball python and an adder come into view.
Found a faded altar of an unknown god.
The ball python hisses angrily.
The adder hisses angrily.
The sting hits the adder but does no damage.
The adder is poisoned.
The sting hits the adder.
The adder looks even sicker.
The adder is moderately wounded.
You miscast Sting.
You are very lightly contaminated with residual magic.
Nothing appears to happen.
The adder bites you but does no damage. The ball python bites you.
The ball python barely misses you. The adder barely misses you.
The sting hits the adder.
The adder looks even sicker.
The adder is severely wounded.
The ball python bites you. The ball python grabs you.
The ball python constricts you. The adder closely misses you.
You escape the ball python's grasp.
The adder bites you.
You are poisoned.
The adder poisons you!
The ball python attacks as you move away!
The ball python closely misses you.
You feel sick. The adder misses you.
Casting: Sting (safe; 7% risk of failure)
Confirm with . or Enter, or press ? or * to list all spells.
Aiming: Sting (safe; 7% risk of failure)
Press: ? - help, Shift-Dir - straight line, f - ball python, p - adder
Aim: a ball python (68% to hit)
The sting misses the ball python.
You feel sick. The ball python completely misses you.
The ball python closely misses you. You block the adder's attack.
Casting: Sting (safe; 7% risk of failure)
Confirm with . or Enter, or press ? or * to list all spells.
Aiming: Sting (safe; 7% risk of failure)
Press: ? - help, Shift-Dir - straight line, f/p - ball python
Aim: a ball python (68% to hit)
The sting hits the ball python.
The ball python is poisoned.
The ball python is severely wounded.
You feel sick.
You kill the ball python!
The adder completely misses you.
Your Poison Magic skill increases to level 4!
The adder attacks as you move away! The adder bites you.
* * * LOW HITPOINT WARNING * * *
You feel sick. The adder completely misses you.
Your magical contamination has completely faded away.
You barely miss the adder.
The adder is severely wounded.
You feel sick.
You are no longer poisoned.
You kill the adder!
You have reached level 2!
HP warning!
There is an abandoned shop here.
Found a scroll labelled ISCHIPHESUI.
There is a faded altar of an unknown god here.
You cannot tell which god this altar belongs to.
Convert to them anyway?
Yredelemnul accepts your prayer! Yredelemnul welcomes you!
You can now reap souls.
You can now recall your undead harvest.
Are you sure you want to abandon this character and quit the game? (Confirm with "yes".)

* #......# *, ,
#.....##### * . ,.,
#.........# ##.. * #.##
#.........# ,.?... * *
...# #.........##......
, *
##..##.........<.......
,....ZZ....†....#......
*#....⌠†.####........ *
###.@................ ,
, #...Z.∩########......
* .....##...# ......
...? #...... *...... *
, ... ...#.##.# * ....
.....###.#*.# , .....
... . , , , , ... #..
## * , , .. ### * ,


You could see a friendly bat zombie and 2 friendly adder zombies.

Vanquished Creatures
  An adder (D:2)
  A ball python (D:2)
  An endoplasm (D:1)
  A giant cockroach (D:1)
4 creatures vanquished.

Notes
Turn   | Place    | Note
-------+----------+-------------------------------------------
     0 | D:1      | sentinel the Meteoran Venom Mage began the quest for the
                  | Orb.
     0 | D:1      | Reached XP level 1. HP: 14/14 MP: 5/5
   155 | D:2      | Found a faded altar of an unknown god.
   165 | D:2      | Reached skill level 4 in Poison Magic
   167 | D:2      | Reached XP level 2. HP: 3/20 MP: 0/6
   170 | D:2      | Prayed at the altar of an unknown god.
   170 | D:2      | Became a worshipper of Yredelemnul the Dark
   170 | D:2      | Reached * piety under Yredelemnul
   171 | D:2      | Quit the game

Illustrated notes

Levels and vault maps discovered:
D:1:      minmay_arrival_pointy, layout_loops_ring, grunt_decor_arrowhead,
          minivault_19, patterned_corridor
D:2:      layout_rooms, ebering_ecumenical_altar_abandoned, uniq_robin,
          uniq_jessica

Skill      XL: |  1 |
---------------+----+-----
Poison Magic   | 4 |  4.5
Dodging        | |  2.4
Stealth        | |  1.4
Spellcasting   | |  2.6
Transmutations | |  1.2

Action                   || total
-------------------------++-------
Melee: Unarmed           ||     2
 Cast: Sting             ||     9
Armor: Robe              ||     1
Dodge: Dodged            ||     9
Block: Other             ||     1
